 Dungeon Crawl Stone Soup version 0.27-a0-660-g90476cec82 (webtiles) character file.

Game seed: 4016230465251542742

20 lunkers the Skirmisher (level 2, 0/33 HPs)
             Began as an Ogre Monk on Mar 16, 2021.
             Slain by a kobold (3 damage)
             ... on level 1 of the Dungeon.
             The game lasted 00:01:06 (347 turns).

lunkers the Skirmisher (Ogre Monk)                   Turns: 347, Time: 00:01:07

Health: 0/33       AC:  3    Str: 14    XL:     2   Next: 79%
Magic:  2/2        EV: 10    Int: 11    God:
Gold:   71         SH:  0    Dex: 11    Spells: 1/1 levels left

rFire    . . .     SeeInvis .   a - +0 mace
rCold    . . .     Faith    .   (no shield)
rNeg     . . .     Spirit   .   b - +0 robe
rPois    .         Reflect  .   (helmet restricted)
rElec    .         Harm     .   (no cloak)
rCorr    .         Rampage  .   (gloves unavailable)
Will     .....                  (boots unavailable)
Stlth    ++........             (no amulet)
HPRegen  0.11/turn              (no ring)
MPRegen  0.08/turn              (no ring)

@: no status effects
A: large, unfitting armour, tough skin 1
a: no special abilities


You were on level 1 of the Dungeon.
You visited 1 branch of the dungeon, and saw 1 of its levels.

You collected 71 gold pieces.

Inventory:

Hand Weapons
 a - a +0 mace (weapon)
Missiles
 c - 12 stones (quivered)
 d - 9 poisoned darts
Armour
 b - a +0 robe (worn)
Scrolls
 e - 2 scrolls of amnesia {unknown}
 f - a scroll of identify {unknown}
Potions
 g - a potion of haste {unknown}


   Skills:
 + Level 4.4 Fighting
 * Level 3.3 Maces & Flails
 - Level 2.6 Dodging
 - Level 1.4 Stealth


You had one spell level left.
You didn't know any spells.
Your spell library was empty.

Dungeon Overview and Level Annotations

Branches:
Dungeon (1/15)

Altars:


Innate Abilities, Weirdness & Mutations

You are too large for most types of armour.
You have tough skin. (AC +1)


Message History

You closely miss the frilled lizard. The frilled lizard barely misses you.
The frilled lizard closely misses you.
You sock the frilled lizard!
You kill the frilled lizard!
The bat barely misses you. The goblin hits you with a +0 dagger.
* * * LOW HITPOINT WARNING * * *
The bat hits you but does no damage.
You barely miss the goblin. The bat misses you.
The goblin hits you with a +0 dagger.
* * * LOW HITPOINT WARNING * * *
The goblin hits you but does no damage.
You hit the goblin.
You kill the goblin!
The bat hits you but does no damage. The bat barely misses you.
Unknown command.
You miss the bat. The bat completely misses you. The kobold hits you.
* * * LOW HITPOINT WARNING * * *
The bat hits you.
* * * LOW HITPOINT WARNING * * *
The kobold hits you.
* * * LOW HITPOINT WARNING * * *
You hit the kobold.
The kobold is severely wounded.
The bat hits you but does no damage. The kobold barely misses you.
Unknown command.
You hit the kobold but do no damage.
The kobold is severely wounded.
The bat barely misses you. The bat hits you but does no damage.
The kobold barely misses you. The bat hits you but does no damage.
Unknown command.
You barely miss the kobold.
The kobold is severely wounded.
The bat hits you but does no damage. The kobold misses you.
Unknown command.
You closely miss the kobold.
The kobold is severely wounded.
The bat hits you.
* * * LOW HITPOINT WARNING * * *
The kobold barely misses you. The kobold hits you.
You die...

#..)...... ##### #.........
#...############.........
#######.##...................
...........#..####...........
########.###...##b.#..........
# #.# #.#...)##..)......# ##
#.###....@K.......###.# .## #
#..#..######...####...#
..#....##)#..####............#
..##.#.....................#.
..# ...###.)......#####....#
..# #.###....###.####..##.....
.## #........##..##...## ##..
..## ####.....##.###.### #..#
#......>)..>##..#


You could see a bat and a kobold.

Vanquished Creatures
  A ball python (D:1)
  A bat (D:1)
  2 giant cockroaches (D:1)
  5 goblins (D:1)
  3 hobgoblins (D:1)
  3 frilled lizards (D:1)
  2 rats (D:1)
17 creatures vanquished.

Notes
Turn   | Place    | Note
-------+----------+-------------------------------------------
     0 | D:1      | lunkers the Ogre Monk began the quest for the Orb.
     0 | D:1      | Reached XP level 1. HP: 24/24 MP: 1/1
   194 | D:1      | Reached XP level 2. HP: 32/32 MP: 2/2
   347 | D:1      | Slain by a kobold

Illustrated notes

Levels and vault maps discovered:
D:1:      mrwooster_arrival_statue, layout_rooms

Skill      XL: |  1 |
---------------+----+-----
Maces & Flails | 3 |  3.3
Fighting       | |  4.4
Dodging        | |  2.6
Stealth        | |  1.4

Action                   || total
-------------------------++-------
Melee: Mace              ||    49
Throw: Stone             ||     6
Armor: Robe              ||    26
Dodge: Dodged            ||    41

Table legend: (Time is in decaauts)
 A = Elapsed time spent in this place.
 B = Non-inter-level travel time spent in this place.
 C = Inter-level travel time spent in this place.
 D = Time resting spent in this place.
 E = Time spent auto-exploring this place.
 F = Levels seen in this place.
 G = Mean time per level.
                   A        B        C        D        E       F      G
               +--------+--------+--------+--------+--------+-----+--------+
         Total |    359 |    359 |      0 |      0 |    222 |   1 |  359.0 |
       Dungeon |    359 |    359 |      0 |      0 |    222 |   1 |  359.0 |
               +--------+--------+--------+--------+--------+-----+--------+

Top non-repeatable levels by time:
     D:1: 359 daAuts
